 Dungeon Crawl Stone Soup version 0.29-a0-231-g945431f764 (webtiles) character file.

Game seed: 11336695481837003162

74296 Upanai the Unseen (level 15, -11/77 HPs)
             Began as a Spriggan Enchanter on Feb 27, 2022.
             Was a High Priest of Dithmenos.
             Killed from afar by an ironbound frostheart (42 damage)
             ... by creeping frost
             ... in an ice cave on Feb 28, 2022.
             The game lasted 01:25:19 (25526 turns).

Upanai the Unseen (Spriggan Enchanter)             Turns: 25526, Time: 01:25:19

Health: -11/77     AC: 11    Str: 14    XL:     15   Next: 6%
Magic:  34/34      EV: 25    Int: 18    God:    Dithmenos [*****.]
Gold:   1817       SH:  0    Dex: 16    Spells: 26/42 levels left

rFire   . . .      SeeInvis +   a - +4 dagger (spect)
rCold   . . .      Faith    .   (no shield)
rNeg    . . .      Spirit   .   b - +2 robe
rPois   .          Reflect  .   (helmet restricted)
rElec   +          Harm     .   D - +2 cloak
rCorr   .          Rampage  .   (gloves unavailable)
Will    ++...                   (boots unavailable) Stlth **++++++++
                                M - amulet "Rosag" {rElec Regen+ Str+4}
HPRegen 1.02/turn               t - +4 ring of slaying
MPRegen 0.24/turn               E - ring "Camaxa" {AC+4 Stlth+}

@: wreathed by umbra, very quick
A: very small, no large weapons, unfitting armour, see invisible, speed 3
a: Renounce Religion, Shadow Step, Shadow Form


You were in an ice cave.
You worshipped Dithmenos.
Dithmenos was extremely pleased with you.
You visited 3 branches of the dungeon, and saw 20 of its levels.
You also visited: Bailey and Ice Cave.

You collected 2202 gold pieces.
You spent 385 gold pieces at shops.

Inventory:

Hand Weapons
 a - a +4 spectral dagger (weapon)
 J - the +6 shillelagh "Devastator" {shatter}
   (You found it on level 10 of the Dungeon)

   It releases a powerful concussive burst when it strikes, dealing extra damage
   to the target and all other foes adjacent to them.
Missiles
 h - 36 poisoned darts (quivered)
 r - 4 curare-tipped darts
 w - 13 throwing nets
 A - 5 atropa-tipped darts
Armour
 b - a +2 robe (worn)
 e - a scarf of repulsion
 D - a +2 cloak (worn)
Jewellery
 d - a ring of wizardry
 o - a ring of poison resistance
 s - a ring of fire
 t - a +4 ring of slaying (left hand)
 E - the ring "Camaxa" (right hand) {AC+4 Stlth+}
   (You found it on level 12 of the Dungeon)

   [ring of protection]

   AC:        It affects your AC (+4).
   Stlth:     It makes you more stealthy.
 M - the amulet "Rosag" (around neck) {rElec Regen+ Str+4}
   (You found it on level 3 of the Lair of Beasts)

   [amulet of regeneration]

   Str:       It affects your strength (+4).
   rElec:     It insulates you from electricity.
   Regen:     It increases your rate of health regeneration.
Wands
 g - a wand of acid (9)
 u - a wand of mindburst (10)
 y - a wand of digging (10)
 C - a wand of polymorph (11)
 F - a wand of charming (11)
 G - a wand of iceblast (5)
 H - a wand of flame (44)
Scrolls
 f - 2 scrolls of summoning
 k - a scroll of blinking
 m - 2 scrolls of enchant armour
 v - 8 scrolls of teleportation
 z - 4 scrolls of identify
 K - 2 scrolls of brand weapon
Potions
 c - 2 potions of invisibility
 i - 2 potions of attraction
 j - 13 potions of curing
 l - a potion of haste
 n - a potion of heal wounds
 p - a potion of magic
 q - 5 potions of brilliance
 x - a potion of might
 B - a potion of cancellation
 L - 2 potions of flight
Miscellaneous
 I - a tin of tremorstones (2/2)


   Skills:
 + Level 7.7 Fighting
 + Level 10.2 Short Blades
 + Level 12.5 Dodging
 + Level 17.1 Stealth
 + Level 14.1 Spellcasting
 + Level 14.2 Hexes
 - Level 13.0 Earth Magic


You had 26 spell levels left.
You knew the following spells:

 Your Spells              Type           Power      Damage    Failure   Level
a - Ensorcelled Hibernat  Hex/Ice        76%        N/A       1%          2
b - Tukima's Dance        Hex            59%        N/A       1%          3
c - Dazzling Flash        Conj/Hex       76%        N/A       1%          3
d - Confusing Touch       Hex            59%        N/A       1%          3
e - Shock                 Conj/Air       48%        1d6       5%          1
f - Apportation           Tloc           24%        N/A       5%          1
g - Stone Arrow           Conj/Erth      72%        3d11      1%          3

Your spell library contained the following spells:

 Spells                   Type           Power      Damage    Failure   Level
 Sandblast                Erth           100%       2d20      1%          1
 Passwall                 Tmut/Erth      30%        N/A       1%          2
 Inner Flame              Hex/Fire       38%        N/A       1%          3
 Anguish                  Hex/Necr       19%        N/A       2%          4
 Fulminant Prism          Conj/Hex       19%        3d11      2%          4
 Magic Dart               Conj           48%        1d5       5%          1
 Pain                     Necr           48%        1d6       5%          1
 Searing Ray              Conj           24%        2d5       8%          2
 Summon Mana Viper        Hex/Summ       38%        N/A       8%          5
 Borgnjor's Vile Clutch   Necr/Erth      18%        N/A       10%         5
 Spider Form              Tmut/Pois      12%        N/A       16%         3
 Swiftness                Air            12%        N/A       16%         3
 Airstrike                Air            6%         N/A       45%         4
 Summon Ice Beast         Ice/Summ       12%        N/A       45%         4
 Discord                  Hex            29%        N/A       69%         8
 Agony                    Necr           12%        N/A       82%         5
 Alistair's Intoxication  Tmut/Pois      8%         N/A       82%         5
 Excruciating Wounds      Necr           6%         N/A       82%         5
 Freezing Cloud           Conj/Ice/Air   6%         6-21      82%         5
 Lightning Bolt           Conj/Air       6%         1d18      82%         5
 Simulacrum               Ice/Necr       6%         N/A       100%        6
 Monstrous Menagerie      Summ           6%         N/A       100%        7
 Polar Vortex             Ice            6%         N/A       100%        9


Dungeon Overview and Level Annotations

Branches:
Dungeon (15/15)            Temple (1/1) D:4            Lair (4/6) D:8
  Snake (0/4) Lair:2          Orc (0/2) D:11         Vaults (0/5) D:13
 Depths (0/4) D:15         Bailey (visited)           IceCv (1/1)
  Swamp: Lair:2-4    Shoals: Lair:2-4

Altars:
Ashenzari
Cheibriados
Dithmenos
Elyvilon
Fedhas
Gozag
Hepliaklqana
Kikubaaqudgha
Makhleb
Nemelex Xobeh
Okawaru
Qazlal
Ru
Sif Muna
Trog
Uskayaw
Vehumet
Wu Jian
Xom
Yredelemnul
Zin
The Shining One
Jiyva

Shops:
D:8 :!?

Annotations:
D:8 3 runed translucent doors
Lair:3 3 runed translucent doors, Goddom's ghost, journeyman TrFi


Innate Abilities, Weirdness & Mutations

You are very small and have problems with some larger weapons.
You are too small for most types of armour.
You have supernaturally acute eyesight. (SInv)
You cover ground extremely quickly. (Speed+++)


Message History

Your yak's corpse dissolves into shadows!
The frost grips your yak!! x2; The death yak gores your yak!
Your yak dies!
Your yak's corpse dissolves into shadows!
Unknown command.
Unknown command.
The death yak gores your yak!
Your yak dies!
Your yak's corpse dissolves into shadows!
Your yak gores the polar bear!
Unknown command.
The polar bear barely misses your yak. The polar bear claws your yak.
The polar bear closely misses your yak.
The ironbound frostheart calls freezing cold from the walls.
The frost grips you!!
* * * LOW HITPOINT WARNING * * *
The frost grips your yak!!
Your yak dies!
Your yak's corpse dissolves into shadows!
The frost grips your yak!!! The frost grips your wolf!!
Unknown command.
Okay, then.
Unknown command.
You feel much better. The ice encasing you melts away.
The polar bear barely misses your yak. The polar bear closely misses your yak.
The polar bear claws your yak but does no damage.
Your wolf barely misses the death yak.
Your yak closely misses the polar bear.
Unknown command.
Unknown command.
Unknown command.
You swap places.
Your wolf dissolves into shadows!
The polar bear bites your yak. The polar bear claws your yak. x2
Your yak dies!
Your yak's corpse dissolves into shadows!
The ironbound frostheart calls freezing cold from the walls.
The frost grips you!!!
Ouch! That really hurt!
You die...

#..
##.....##..##†≈##.#..##
#...#....######≈†≈####..##
#....###≈≈≈≈≈≈≈####...#
#######..##≈≈≈≈≈≈≈##..###
#..#
##.####≈≈≈≈≈≈≈##..####
#..#.#.#≈≈≈≈≈≈≈≈≈###..##.
#...###≈≈≈≈≈≈≈≈#..###..
###...##≈≈≈≈≈≈##...##..
###.@###≈≈≈##..######
##.Y# ###.### #.Y## ###..#
#YhY## #....### #..h.#
≈≈≈≈.##.†.# ...pp# ≈≈≈≈≈#
###.. ..... ≈≈≈≈≈ ### ....
.≈≈≈ ...p .#≈


You could see 2 death yaks, 2 ironbound frosthearts, 2 polar bears and a
friendly yak (summoned).

Vanquished Creatures
  A fire giant (D:15)
  A rakshasa (D:14)
  12 hydras
  A yaktaur captain (D:13)
  Harold (D:7)
  Erolcha (D:9)
  A catoblepas (D:10)
  6 boulder beetles
  4 centaur warriors
  4 death yaks
  9 two-headed ogres
  3 tengu warriors
  5 skeletal warriors
  An obsidian statue (D:12)
  A harpy (shapeshifter) (D:13)
  3 deep elf pyromancers
  An oklob plant (Lair:3)
  An orc knight (D:13)
  13 ugly things
  3 manticores
  2 wolf spiders
  5 cyclopes
  An elephant (Lair:3)
  An ice statue (IceCv)
  Maurice (D:9)
  4 black mambas
  4 gargoyles
  A torpor snail (Lair:3)
  9 cane toads
  7 komodo dragons
  2 yaktaurs (D:13)
  An efreet (D:15)
  A tengu conjurer (D:14)
  2 rime drakes (Lair:3)
  A meliai (shapeshifter) (D:9)
  6 meliai
  7 polar bears
  2 hornets
  A troll (D:11)
  12 blink frogs
  14 slime creatures
  Sigmund (D:5)
  A shadow (D:10)
  4 wyverns
  A centaur simulacrum (D:14)
  26 yaks
  5 basilisks
  2 vampire mosquitoes (D:14)
  2 wargs (D:8)
  4 nagas (Lair:2)
  An acid dragon (D:9)
  10 water moccasins
  Duvessa (D:7)
  A sky beast (D:6)
  2 black bears
  9 orc warriors
  A necrophage (D:6)
  32 wolves
  6 centaurs
  2 ogres
  3 kobold brigands
  8 bullfrogs
  2 gnoll sergeants (Bailey)
  2 scorpions (D:4)
  Dowan (D:7)
  3 killer bees (D:7)
  8 wights
  5 howler monkeys
  7 hounds
  4 gnoll shamans (Bailey)
  6 orc priests
  2 jellies
  Ijyb (D:2)
  Natasha (thrice) (D:3)
  5 iguanas
  3 orc wizards
  Robin (D:4)
  13 gnolls
  13 adders
  2 shadow imps (D:6)
  3 white imps
  An ufetubus (D:5)
  4 worms
  2 dart slugs
  29 orcs
  6 ball pythons
  4 endoplasms
  A giant cockroach (D:1)
  23 goblins
  12 hobgoblins
  4 jackals (D:4)
  4 quokkas
  2 bats (D:1)
  6 frilled lizards
  20 kobolds
  6 rats
486 creatures vanquished.

Vanquished Creatures (collateral kills)
  5 gnoll sergeants (Bailey)
  3 wights
  2 gnoll shamans (Bailey)
  4 gnolls
  5 orcs
19 creatures vanquished.

Vanquished Creatures (others)
  19 dancing weapons
  A fungus (Lair:1)
  A plant (D:8)
21 creatures vanquished.

Grand Total: 526 creatures vanquished

Notes
Turn   | Place    | Note
-------+----------+-------------------------------------------
     0 | D:1      | Upanai the Spriggan Enchanter began the quest for the Orb.
     0 | D:1      | Reached XP level 1. HP: 9/9 MP: 5/5
   294 | D:1      | Reached XP level 2. HP: 13/13 MP: 7/7
   297 | D:1      | Learned a level 2 spell: Ensorcelled Hibernation
   936 | D:1      | Reached XP level 3. HP: 13/16 MP: 9/9
   940 | D:1      | Learned a level 3 spell: Tukima's Dance
   944 | D:1      | Learned a level 3 spell: Confusing Touch
  1705 | D:2      | Noticed Ijyb
  1869 | D:2      | Killed Ijyb
  1880 | D:2      | Reached XP level 4. HP: 13/21 MP: 11/11
  2004 | D:2      | Learned a level 3 spell: Dazzling Flash
  2094 | D:2      | Reached skill level 5 in Hexes
  2136 | D:2      | Found a faded altar of an unknown god.
  2452 | D:2      | Got the Collected Works on the Oath
  2715 | D:3      | Found a glowing golden altar of the Shining One.
  2739 | D:3      | Noticed an ogre
  2770 | D:3      | Killed an ogre
  2771 | D:3      | Reached skill level 5 in Spellcasting
  2771 | D:3      | Reached XP level 5. HP: 24/24 MP: 1/13
  3085 | D:3      | Noticed Natasha
  3097 | D:3      | Killed Natasha
  3229 | D:3      | Noticed Natasha
  3241 | D:3      | Killed Natasha
  3242 | D:3      | Reached skill level 5 in Stealth
  3246 | D:3      | Noticed Natasha
  3268 | D:3      | Killed Natasha
  3269 | D:3      | Reached XP level 6. HP: 19/28 MP: 13/15
  3362 | D:3      | Identified the +5 hunting sling of Obuamas {freeze, Int+2
                  | Dex+4}
  3834 | D:4      | Reached skill level 6 in Stealth
  3904 | D:4      | Reached XP level 7. HP: 28/32 MP: 13/17
  3946 | D:4      | Noticed Robin
  4012 | D:4      | Killed Robin
  4363 | D:4      | Found a broken altar of Ashenzari.
  4696 | D:4      | Found a staircase to the Ecumenical Temple.
  4711 | Temple   | Entered the Ecumenical Temple
  4742 | Temple   | Became a worshipper of Dithmenos the Shadowed
  4777 | D:4      | Reached skill level 7 in Stealth
  4967 | D:4      | Identified the +1 robe of the Lumpy Beggars {-Cast Rampage
                  | Fly rC+}
  5094 | D:5      | Entered Level 5 of the Dungeon
  5414 | D:5      | Found an ancient bone altar of Kikubaaqudgha.
  5490 | D:5      | Reached skill level 8 in Stealth
  5490 | D:5      | Reached XP level 8. HP: 36/36 MP: 8/20
  5600 | D:5      | Noticed Sigmund
  5606 | D:5      | Found a faded altar of an unknown god.
  5607 | D:5      | Found a hazy altar of Hepliaklqana.
  5612 | D:5      | Killed Sigmund
  6191 | D:5      | Found a radiant altar of Vehumet.
  6287 | D:6      | Learned a level 1 spell: Shock
  6290 | D:6      | Learned a level 1 spell: Apportation
  6303 | D:6      | Reached * piety under Dithmenos
  6326 | D:6      | Reached skill level 9 in Stealth
  6744 | D:6      | Identified the +2 leather armour "Qaapheq" {rCorr Int-2
                  | Dex+2}
  6772 | D:6      | Noticed a two-headed ogre
  6791 | D:6      | Killed a two-headed ogre
  6792 | D:6      | Reached skill level 10 in Stealth
  6792 | D:6      | Reached XP level 9. HP: 33/39 MP: 8/23
  7353 | D:7      | Reached skill level 1 in Fighting
  7396 | D:7      | Reached skill level 11 in Stealth
  7516 | D:7      | Reached ** piety under Dithmenos
  7582 | D:7      | Noticed Harold
  7587 | D:7      | Killed Harold
  7588 | D:7      | Reached skill level 10 in Hexes
  8059 | D:7      | Reached skill level 10 in Spellcasting
  8155 | D:7      | Noticed Dowan
  8183 | D:7      | Reached skill level 5 in Dodging
  8186 | D:7      | Reached XP level 10. HP: 46/46 MP: 25/25
  8195 | D:7      | Found a basalt altar of Yredelemnul.
  8258 | D:7      | Noticed Duvessa
  8278 | D:7      | Killed Duvessa
  8280 | D:7      | Killed Dowan
  8468 | D:8      | Found a staircase to the Lair.
  8485 | D:8      | Found Ufexzi's Distillery.
  8489 | D:8      | Bought 2 potions of curing for 66 gold pieces
  8489 | D:8      | Bought a potion of flight for 33 gold pieces
  8489 | D:8      | Bought a potion of heal wounds for 55 gold pieces
  8489 | D:8      | Bought a potion of magic for 88 gold pieces
  8489 | D:8      | Bought 2 potions of might for 88 gold pieces
  8489 | D:8      | Bought a potion of heal wounds for 55 gold pieces
  8503 | D:8      | Found Wuungu's Book Boutique.
  8549 | D:8      | Found a flagged portal.
  8573 | Bailey   | Entered a bailey
  9370 | Bailey   | Reached skill level 12 in Stealth
  9374 | Bailey   | Reached *** piety under Dithmenos
 10432 | D:8      | Found a runed translucent gate.
 10432 | D:8      | Found a runed translucent gate.
 10432 | D:8      | Found a runed translucent gate.
 10433 | D:8      | Noticed a glowing orange brain
 10434 | D:8      | Noticed a white ugly thing
 10434 | D:8      | Noticed a red ugly thing
 10435 | D:8      | Noticed a white ugly thing
 10436 | D:8      | Noticed a cyan ugly thing
 10439 | D:8      | Noticed a green ugly thing
 10497 | D:8      | Found Yntynier's Magic Scroll Emporium.
 11100 | D:9      | Reached skill level 5 in Short Blades
 11341 | D:9      | Noticed a gargoyle
 11353 | D:9      | Killed a gargoyle
 11405 | D:9      | Reached **** piety under Dithmenos
 11829 | D:9      | Noticed Erolcha
 11833 | D:9      | Killed Erolcha
 11834 | D:9      | Reached XP level 11. HP: 53/53 MP: 26/26
 11949 | D:9      | Reached skill level 13 in Stealth
 12148 | D:9      | Noticed Maurice
 12156 | D:9      | Killed Maurice
 12311 | D:9      | Found a white marble altar of Elyvilon.
 12355 | D:10     | Entered Level 10 of the Dungeon
 12419 | D:10     | You fall into a shaft and drop 3 floors!
 12421 | D:13     | Noticed a skeletal warrior
 12434 | D:13     | Noticed a wolf spider
 12440 | D:13     | Killed a wolf spider
 12604 | D:12     | Noticed an obsidian statue
 12609 | D:12     | Noticed a four-headed hydra
 12610 | D:12     | Identified the ring "Camaxa" {AC+4 Stlth+}
 12612 | D:12     | Noticed a two-headed ogre
 12667 | D:11     | Found a staircase to the Orcish Mines.
 13043 | D:10     | Noticed a two-headed ogre
 13043 | D:10     | Noticed a two-headed ogre
 13044 | D:10     | Noticed a catoblepas
 13044 | D:10     | Found the +6 shillelagh "Devastator" {shatter}
 13206 | D:10     | Noticed a two-headed ogre
 13285 | D:10     | Noticed a two-headed ogre
 13288 | D:10     | Killed a catoblepas
 13291 | D:10     | Killed a two-headed ogre
 13295 | D:10     | Killed a two-headed ogre
 13298 | D:10     | Reached skill level 14 in Stealth
 13361 | D:10     | Killed a two-headed ogre
 13362 | D:10     | Reached skill level 5 in Fighting
 13368 | D:10     | Killed a two-headed ogre
 13601 | D:10     | Learned a level 3 spell: Stone Arrow
 13628 | D:10     | Reached skill level 1 in Earth Magic
 13705 | D:10     | Found a burning altar of Makhleb.
 13945 | D:11     | Noticed a centaur warrior
 13992 | D:11     | Killed a centaur warrior
 13993 | D:11     | Reached XP level 12. HP: 60/60 MP: 23/28
 14153 | D:11     | Noticed a two-headed ogre
 14158 | D:11     | Killed a two-headed ogre
 14159 | D:11     | Reached skill level 5 in Earth Magic
 14211 | D:11     | Noticed a five-headed hydra
 14221 | D:11     | Killed a five-headed hydra
 14382 | D:11     | Noticed a boulder beetle
 14385 | D:11     | Killed a boulder beetle
 14875 | D:12     | Noticed a two-headed ogre
 14886 | D:12     | Killed a two-headed ogre
 14896 | D:12     | Noticed a four-headed hydra
 14903 | D:12     | Killed a four-headed hydra
 14951 | D:12     | Killed a four-headed hydra
 14952 | D:12     | Reached skill level 10 in Earth Magic
 16091 | D:12     | Noticed a boulder beetle
 16104 | D:12     | Killed a boulder beetle
 16230 | D:12     | Noticed a two-headed ogre
 16233 | D:12     | Killed a two-headed ogre
 16249 | D:12     | Noticed a five-headed hydra
 16259 | D:12     | Killed a five-headed hydra
 16563 | D:12     | Noticed a boulder beetle
 16569 | D:12     | Killed a boulder beetle
 16740 | D:12     | Killed a two-headed ogre
 17226 | D:12     | Reached XP level 13. HP: 63/63 MP: 14/29
 17598 | D:13     | Got the Almanac of Weightlessness and Clay
 17728 | D:13     | Found an ornate altar of the Wu Jian Council.
 18558 | D:13     | Found a gate to the Vaults.
 19253 | D:14     | Reached skill level 10 in Dodging
 19262 | D:14     | Reached skill level 15 in Stealth
 20226 | D:14     | Upgraded the game from 0.29-a0-222-g5b244fca1f to
                  | 0.29-a0-231-g945431f764
 20238 | D:15     | Entered Level 15 of the Dungeon
 20840 | D:15     | Found a staircase to the Depths.
 20840 | D:15     | Noticed a fire giant
 20864 | D:15     | Killed a fire giant
 20927 | D:15     | Reached XP level 14. HP: 70/70 MP: 32/32
 21900 | Lair:1   | Entered Level 1 of the Lair of Beasts
 22483 | Lair:2   | Found a staircase to the Snake Pit.
 22580 | Lair:2   | Reached skill level 16 in Stealth
 24071 | Lair:3   | Found a runed translucent gate.
 24071 | Lair:3   | Found a runed translucent gate.
 24071 | Lair:3   | Found a runed translucent gate.
 24072 | Lair:3   | Found a viscous altar of Jiyva.
 24072 | Lair:3   | Noticed Goddom's ghost (journeyman TrFi)
 24197 | Lair:3   | Identified the amulet "Rosag" {rElec Regen+ Str+4}
 24761 | Lair:4   | Reached skill level 10 in Short Blades
 24803 | Lair:4   | Found a frozen archway.
 24812 | IceCv    | Entered an ice cave
 24828 | IceCv    | Reached ***** piety under Dithmenos
 25015 | IceCv    | Reached skill level 17 in Stealth
 25256 | IceCv    | Reached XP level 15. HP: 77/77 MP: 34/34
 25526 | IceCv    | Killed from afar by an ironbound frostheart

Illustrated notes

Levels and vault maps discovered:
D:1:      dpeg_arrival_simpleton_a, layout_basic
D:2:      kennysheep_the_goblin_king, layout_basic,
          hellmonk_ecumenical_altar_pennies_from_heaven
D:3:      layout_rooms, mainiacjoe_overflow_paths, minmay_cupped, uniq_natasha
D:4:      layout_gridville, nicolae_overflow_crystal_walls,
          minmay_temple_entry_offerings, uniq_ijyb, uniq_robin
D:5:      layout_loops_ring, beargit_hepliaklqana_dungeon_heroes,
          mainiacjoe_overflow_big_doors, nicolae_concentric_dashed_squares_mild
D:6:      layout_cave_pools, grunt_ministairs_11, uniq_sigmund
D:7:      layout_basic, mainiacjoe_overflow_alcove_4, lightli_orcish_oven,
          uniq_harold, uniq_duvessa
D:8:      layout_loops_ring, erik_lair_orcish_takeover, serial_shops,
          nicolae_take_the_stairs, shop, kennysheep_little_box, enter_bailey_5,
          ploomutoo_gammafunk_ghost_potion_laboratory
D:9:      layout_basic, nicolae_elyvilon_temple_path, uniq_maurice, uniq_erolcha
D:10:     minmay_roctagon, layout_basic, lemuel_coloured_pillars_altar
D:11:     layout_basic, orc_0_dummy
D:12:     layout_basic, grunt_ministairs_10, minivault_15
D:13:     layout_rooms, david_vaults_2, nicolae_wu_jian_glorious_leap
D:14:     layout_irregular_city, hangedman_decor_slide_cut
D:15:     grunt_enter_depths_giant_problem, layout_basic, moated_statue
Temple:   eino_temple_lava
Lair:1:   layout_hall_layers, grunt_megastairs_3, infiniplex_staircase_pool_2
Lair:2:   layout_chaotic_city, minmay_snake_entry_guardpost_medium, st_stairs_8,
          lemuel_fruit_tree
Lair:3:   nzn_winding_woodlands_three_and_one
          [nzn_winding_woodlands_5x15_longhouse,
          nzn_winding_woodlands_5x15_sidewinder,
          nzn_winding_woodlands_5x15_cabin,
          nzn_winding_woodlands_center_garden], layout_chaotic_city,
          gammafunk_ghost_ooze, nzn_random_ring
Lair:4:   layout_hall_layers, swamp_mist_pool, portal_ice_cave_entry_pillars_1
IceCv:    ice_cave_caverns_02

Skill      XL: |  1  2  3  4  5  6  7  8  9 10 11 12 13 14 |
---------------+-------------------------------------------+-----
Spellcasting   | 3 4 5 6 7 9 10 11 13 14 | 14.1
Hexes          | 4 5 6 7 9 10 11 12 13 14 | 14.2
Stealth        | 5 6 8 10 11 12 14 15 17 | 17.1
Dodging        | 5 7 8 9 10 12 | 12.5
Fighting       | 2 3 5 6 7 |  7.7
Short Blades   | 3 5 7 8 10 | 10.2
Earth Magic    | 3 13 | 13.0

Action                   |  1- 3 |  4- 6 |  7- 9 | 10-12 | 13-15 || total
-------------------------+-------+-------+-------+-------+-------++-------
Melee: Dagger            |    80 |   102 |   244 |   317 |   467 ||  1210
       Punch             |       |     2 |     5 |     3 |     3 ||    13
 Cast: Ensorcelled Hiber |     6 |    37 |    61 |   116 |    83 ||   303
       Confusing Touch   |     1 |     1 |     8 |     8 |     3 ||    21
       Tukima's Dance    |       |     5 |    30 |    43 |    12 ||    90
       Stone Arrow       |       |       |       |    18 |    30 ||    48
       Dazzling Flash    |       |       |       |       |    15 ||    15
       Shock             |       |       |       |       |     7 ||     7
Invok: Shadow Step       |       |       |       |     1 |     5 ||     6
Evoke: Wand              |       |     1 |     1 |     1 |       ||     3
       Tin of tremorston |       |       |       |     2 |       ||     2
  Use: Scroll            |     1 |     4 |     9 |    10 |     7 ||    31
       Potion            |       |     2 |       |     5 |     7 ||    14
 Stab: Sleeping          |    16 |    23 |    61 |    88 |   128 ||   316
       Confused          |     2 |     1 |     8 |     6 |     4 ||    21
       Distracted        |       |       |     1 |     7 |    10 ||    18
       Invisible         |       |       |       |       |     5 ||     5
Armor: Robe              |     8 |     8 |    25 |    41 |    48 ||   130
Dodge: Dodged            |    43 |    67 |   190 |   280 |   325 ||   905

Table legend: (Time is in decaauts)
 A = Elapsed time spent in this place.
 B = Non-inter-level travel time spent in this place.
 C = Inter-level travel time spent in this place.
 D = Time resting spent in this place.
 E = Time spent auto-exploring this place.
 F = Levels seen in this place.
 G = Mean time per level.
                   A        B        C        D        E       F      G
               +--------+--------+--------+--------+--------+-----+--------+
         Total |  19410 |  18779 |    631 |   3432 |  11699 |  22 |  882.3 |
       Dungeon |  15620 |  15042 |    578 |   2528 |   9696 |  15 | 1041.3 |
        Temple |     25 |     20 |      5 |      0 |     11 |   1 |   25.0 |
          Lair |   2000 |   1953 |     47 |      2 |   1590 |   4 |  500.0 |
        Bailey |   1210 |   1210 |      0 |    735 |    210 |   1 | 1210.0 |
      Ice Cave |    554 |    554 |      0 |    165 |    190 |   1 |  554.0 |
               +--------+--------+--------+--------+--------+-----+--------+

Top non-repeatable levels by time:
    D:14: 1781 daAuts
    D:11: 1590 daAuts
    D:12: 1338 daAuts
     D:4: 1252 daAuts
  Bailey: 1210 daAuts
     D:1: 1193 daAuts
     D:7: 1101 daAuts
  Lair:3: 1035 daAuts
     D:9: 1017 daAuts
    D:13: 1012 daAuts
    D:10: 931 daAuts
     D:8: 885 daAuts
     D:5: 816 daAuts
     D:2: 783 daAuts
    D:15: 727 daAuts
